 Dungeon Crawl Stone Soup version 0.20-a0-51-g027d3fc (webtiles) character file.

2905 KristoblXynda the Martial Artist (level 9, -1/63 HPs)
             Began as a Demonspawn Monk on Nov 15, 2016.
             Was a Priest of Ashenzari.
             Slain by Maurice
             ... wielding a +0 short sword
              (2 damage)
             ... on level 8 of the Dungeon.
             The game lasted 00:20:42 (7546 turns).

KristoblXynda the Martial Artist (Demonspawn Monk)  Turns: 7546, Time: 00:20:43

Health: -1/63      AC:  2    Str: 13      XL:     9   Next: 49%
Magic:  12/12      EV:  9    Int: 15      God:    Ashenzari [***...]
Gold:   460        SH:  0    Dex: 17 (18) Spells: 0 memorised, 8 levels left

rFire  + . .     SeeInvis +       - Unarmed
rCold  . . .     Gourm    .     a - +1 chain mail
rNeg   . . .     Faith    .     (no shield)
rPois  .         Spirit   .     (helmet restricted)
rElec  .         Reflect  .     (no cloak)
rCorr  .         Harm     .     (no gloves)
MR     .....                    e - +0 pair of boots
Stlth  ..........               r - amulet of regeneration
                                i - ring of see invisible
                                l - ring of protection from fire (curse)

@: corroded, sanguine armour
A: antennae 2, agile 1, clever 1, deformed body, deterioration 1, powered by
death 3, sanguine armour 2
a: Curse Item, Scrying, Renounce Religion


You were on level 8 of the Dungeon.
You worshipped Ashenzari.
Ashenzari was most pleased with you.
You were not hungry.

You visited 2 branches of the dungeon, and saw 9 of its levels.

You collected 460 gold pieces.

Inventory:

Hand Weapons
 m - a +2 quarterstaff of protection
Armour
 a - a +1 chain mail (worn)
 e - a +0 pair of boots (worn)
Jewellery
 i - a ring of see invisible (right hand)
 k - a +2 ring of dexterity
 l - a cursed ring of protection from fire (left hand)
 r - an amulet of regeneration (around neck)
Wands
 f - a wand of acid (0/15)
 o - a wand of teleportation (2/9)
Scrolls
 d - 2 scrolls of enchant weapon
 j - 2 scrolls of amnesia
 s - 2 scrolls of identify
Potions
 c - 2 potions of agility
 h - 3 potions of flight
 u - 2 potions of brilliance
 w - a potion of haste
Comestibles
 b - 7 bread rations
 g - a meat ration
 q - a beef jerky
 t - 3 fruits


   Skills:
 - Level 3.0 Fighting
 + Level 7.8 Armour
 - Level 7.5 Dodging
 - Level 1.7 Stealth
 + Level 8.5 Unarmed Combat
 + Level 4.3 Evocations


You had 8 spell levels left.
You didn't know any spells.

Dungeon Overview and Level Annotations

Branches:
Dungeon (8/15)             Temple (1/1) D:7
   Lair: D:8-11

Altars:
Ashenzari
Cheibriados
Elyvilon
Fedhas
Gozag
Hepliaklqana
Kikubaaqudgha
Makhleb
Nemelex Xobeh
Okawaru
Qazlal
Ru
Sif Muna
Trog
Uskayaw
Vehumet
Xom
Yredelemnul
Zin
The Shining One

Annotations:
D:7 Pikel
D:8 Maurice


Innate Abilities, Weirdness & Mutations

You have a pair of antennae on your head.
You regenerate a lot of health from kills.
When seriously injured, your bleeding wounds create thick armour. (AC +9)
You are agile. (Dex +2)
Your mind is acute. (Int +2)
Armour fits poorly on your strangely shaped body.
Your body sometimes deteriorates upon taking damage.


Message History

The bolt of acid misses you.
You barely miss the orc. The orc barely misses you.
Your chain mail prevents you from hitting the orc.
The orc hits you with a club.
Maurice zaps a wand.
The bolt of acid hits the orc.
The orc is splashed with acid.
The acid corrodes the orc!
The orc dies!
The bolt of acid hits you!
Your blood congeals into armour.
The acid corrodes you!
You are splashed with acid!
The acid burns!
Maurice zaps a wand.
The bolt of acid hits you!
* * * LOW HITPOINT WARNING * * *
The acid corrodes you!
You are splashed with acid!
The acid burns!
* * * LOW HITPOINT WARNING * * *
Items here: )) [ † an uncursed club; an uncursed leather armour; an uncursed whip; an orc corpse You closely miss Maurice.
Maurice is almost dead.
Maurice says, "Lost something?"
Maurice hits you with an uncursed short sword.
You die...

.........,#.##...................
...).....,.........,,....#.......
#........,........###....#......#
#........,,.....................#
.........,,.........######......#
.........,,,.###................#
........o,,,** ##................
.........o,,* #@..######........
.........,,** #@### ######...
.........,** #.# #... ,,,,,,,,,,*
###.#############...
,,,,,,,,,,####...................
,,,,,,,,,.........############...
,,,,,**,,.######### #...
,********** #... ** #... ####


You could see Maurice (invisible).

Vanquished Creatures
  A hornet (D:8)
  A spriggan (D:7)
  A sky beast (D:7)
  2 orc warriors
  A necrophage (D:8)
  2 ice beasts (D:6)
  A slave (D:7)
  A phantom (D:6)
  A centaur (D:7)
  3 bullfrogs
  3 scorpions
  5 howler monkeys
  4 wights (D:6)
  2 crimson imps (D:6)
  A centaur zombie (D:7)
  A jelly (D:8)
  6 orc wizards
  A centaur skeleton (D:5)
  3 orc priests
  3 hounds
  3 bullfrog skeletons
  3 worker ants
  2 hound skeletons
  2 worker ant zombies
  13 adders
  2 river rats (D:3)
  An adder zombie (D:8)
  An ooze (D:4)
  An adder skeleton (D:8)
  4 worms
  2 dart slugs
  4 leopard geckos
  31 orcs
  A ball python (D:3)
  3 giant cockroaches
  13 goblins
  9 hobgoblins
  16 jackals
  7 quokkas
  12 bats
  10 frilled lizards
  9 kobolds
  A quokka skeleton (D:4)
  12 rats
  2 withered plants (D:3)
207 creatures vanquished.

Vanquished Creatures (others)
  3 orcs (D:8)
3 creatures vanquished.

Grand Total: 210 creatures vanquished

Notes
Turn   | Place    | Note
-------+----------+-------------------------------------------
     0 | D:1      | KristoblXynda the Demonspawn Monk began the quest for the Orb.
     0 | D:1      | Reached XP level 1. HP: 18/18 MP: 1/1
   268 | D:1      | Reached skill level 3 in Unarmed Combat
   268 | D:1      | Gained mutation: When seriously injured, your bleeding wounds create armour. (AC +9) [demonic ancestry]
   268 | D:1      | Reached XP level 2. HP: 9/24 MP: 2/2
   919 | D:1      | Gained mutation: When seriously injured, your bleeding wounds create thick armour. (AC +9) [demonic ancestry]
   919 | D:1      | Reached XP level 3. HP: 17/29 MP: 3/3
  1439 | D:2      | Reached skill level 1 in Armour
  1639 | D:2      | Gained mutation: You regenerate a little health from kills. [demonic ancestry]
  1639 | D:2      | Reached XP level 4. HP: 35/35 MP: 4/4
  1732 | D:2      | Reached skill level 7 in Unarmed Combat
  1732 | D:2      | Reached XP level 5. HP: 9/41 MP: 5/5
  2641 | D:3      | Found a faded altar of an unknown god.
  2641 | D:3      | Found a faded altar of an unknown god.
  2653 | D:3      | Found a faded altar of an unknown god.
  2656 | D:3      | Found an iron altar of Okawaru.
  2657 | D:3      | Found a shattered altar of Ashenzari.
  2689 | D:3      | Became a worshipper of Ashenzari the Shackled
  2689 | D:3      | Reached * piety under Ashenzari
  2689 | D:3      | Reached ** piety under Ashenzari
  2820 | D:3      | Found an ancient bone altar of Kikubaaqudgha.
  2867 | D:3      | Found a sacrificial altar of Ru.
  2928 | D:3      | Gained mutation: You have a pair of small antennae on your head. [demonic ancestry]
  2928 | D:3      | Reached XP level 6. HP: 47/47 MP: 6/6
  3171 | D:3      | Found a glowing drain.
  3779 | D:4      | Found an iron altar of Okawaru.
  3993 | D:4      | Gained mutation: You regenerate health from kills. [demonic ancestry]
  3993 | D:4      | Reached XP level 7. HP: 45/52 MP: 7/7
  4138 | D:5      | Entered Level 5 of the Dungeon
  4636 | D:5      | Found a stormy altar of Qazlal.
  5002 | D:6      | Reached skill level 1 in Evocations
  5002 | D:6      | Reached XP level 8. HP: 49/58 MP: 8/8
  5286 | D:6      | Found a bloodstained altar of Trog.
  5454 | D:6      | Reached skill level 8 in Unarmed Combat
  5914 | D:7      | Noticed Pikel
  5975 | D:7      | Found a staircase to the Ecumenical Temple.
  6005 | D:7      | Found a sparkling altar of Nemelex Xobeh.
  6054 | D:7      | Reached *** piety under Ashenzari
  6421 | D:7      | Found a stormy altar of Qazlal.
  6457 | D:7      | Gained mutation: You regenerate a lot of health from kills. [demonic ancestry]
  6457 | D:7      | Reached XP level 9. HP: 51/63 MP: 11/11
  6875 | D:7      | Gained mutation: Your body sometimes deteriorates upon taking damage. [potion of mutation]
  6875 | D:7      | Gained mutation: Armour fits poorly on your strangely shaped body. [potion of mutation]
  6875 | D:7      | Gained mutation: You are agile. (Dex +2) [potion of mutation]
  6876 | D:7      | Gained mutation: Your mind is acute. (Int +2) [potion of mutation]
  6876 | D:7      | Gained mutation: You have a pair of antennae on your head. [potion of mutation]
  6904 | Temple   | Entered the Ecumenical Temple
  7308 | D:8      | Noticed Maurice
  7545 | D:8      | HP: 1/63 [acid (17)]
  7546 | D:8      | Slain by Maurice

Vault maps used:
D:1:      dpeg_arrival_tiny_i
D:3:      old_standard_altar, kiku_gazebo_garden_becter,
          chequers_temple_overflow_minitemple, gup_sewer_entry_spiral
D:4:      first_bread, okawaru_trees_1
D:5:      kennysheep_mini
D:6:      marbit_many_paths
D:7:      nemelex_xobeh_ov_fountains_minmay, the_bakery, grunt_qazlal_sundering,
          uniq_pikel
D:8:      lemuel_coloured_pillars_altar, kennysheep_generic_room_5,
          uniq_prince_ribbit1, uniq_maurice, uniq_erica
Temple:   nicolae_temple_figure_eight

Skill      XL: |  1  2  3  4  5  6  7  8  9 |
---------------+----------------------------+-----
Unarmed Combat | 3 7 8 |  8.5
Dodging        | 3 7 |  7.5
Armour         | 1 6 7 |  7.8
Evocations     | 1 3 4 |  4.3
Fighting       | |  3.0
Stealth        | |  1.7

Action                   |  1- 3 |  4- 6 |  7- 9 || total
-------------------------+-------+-------+-------++-------
Melee: Unarmed           |   202 |   336 |   547 ||  1085
       Punch             |     3 |    11 |    19 ||    33
Invok: Curse Item        |       |     1 |       ||     1
Evoke: Wand              |       |       |     2 ||     2
  Use: Potion            |       |     3 |     7 ||    10
       Scroll            |       |    13 |     9 ||    22
 Stab: Sleeping          |     1 |     9 |     2 ||    12
  Eat: Chunk             |     3 |     6 |     8 ||    17
       Beef jerky        |       |     1 |     1 ||     2
       Meat ration       |       |       |     1 ||     1
Armor: Robe              |    71 |    28 |     3 ||   102
       Ring mail         |       |       |    17 ||    17
       Chain mail        |       |       |   190 ||   190
       Skin              |       |       |     7 ||     7
Dodge: Dodged            |   159 |   194 |   237 ||   590
